 Dungeon Crawl Stone Soup version 0.23.2-33-g5129a83184 (webtiles) character file.

Game seed: 6183417851871177150

10147 H0rd4k the Carver (level 11, -3/84 HPs)
             Began as a Human Artificer on Aug 6, 2019.
             Was an Initiate of Gozag.
             Blown up by an orc warrior (22 damage)
             ... with a wand of disintegration (3)
             ... on level 11 of the Dungeon.
             The game lasted 00:32:10 (14285 turns).

H0rd4k the Carver (Human Artificer)                Turns: 14285, Time: 00:32:11

Health: -3/84      AC: 10    Str: 13    XL:     11   Next: 87%
Magic:  14/14      EV: 16    Int: 12    God:    Gozag
Gold:   1847       SH:  0    Dex: 14    Spells: 10/10 levels left

rFire    . . .     SeeInvis +   u - +4 falchion (protect)
rCold    + . .     Gourm    .   (no shield)
rNeg     . . .     Faith    .   b - +0 leather armour
rPois    +         Spirit   .   t - +2 helmet
rElec    .         Reflect  .   (no cloak)
rCorr    .         Harm     .   (no gloves)
MR       +....                  v - +2 pair of boots
Stlth    +++.......             (no amulet)
HPRegen  0.24/turn              H - ring of poison resistance
MPRegen  0.14/turn              I - ring of protection from magic

@: no status effects
A: see invisible, cold resistance 1, weak 1
a: Potion Petition, Call Merchant, Bribe Branch, Renounce Religion


You were on level 11 of the Dungeon.
You worshipped Gozag.
Gozag was most pleased with you.
You were not hungry.

You visited 2 branches of the dungeon, and saw 13 of its levels.
You also visited: Ossuary.

You collected 1948 gold pieces.
You paid 101 gold pieces to Gozag.

Inventory:

Hand Weapons
 a - a +0 short sword
 n - a +2 falchion of flaming
 u - a +4 falchion of protection (weapon)
 w - a +3 hunting sling
 B - a +2 dagger of venom
Missiles
 K - 16 tomahawks (quivered)
 N - 43 poisoned needles
Armour
 b - a +0 leather armour (worn)
 t - a +2 helmet (worn)
 v - a +2 pair of boots (worn)
Jewellery
 i - an uncursed ring of stealth
 m - an uncursed ring of ice
 D - an uncursed ring of magical power
 G - an uncursed ring of resist corrosion
 H - a ring of poison resistance (left hand)
 I - a ring of protection from magic (right hand)
Wands
 c - a wand of flame (20)
 d - a wand of enslavement (11)
 e - a wand of random effects (63)
 f - a wand of paralysis (22)
 y - a wand of polymorph (17)
 O - a wand of iceblast (7)
Scrolls
 j - 8 scrolls of remove curse
 k - a scroll of enchant weapon
 l - 12 scrolls of identify
 o - 2 scrolls of fog
 p - 2 scrolls of fear
 q - 2 scrolls of teleportation
 s - a scroll of enchant armour
 L - a scroll of magic mapping
 M - 3 scrolls of amnesia
Potions
 g - a potion of brilliance
 h - a potion of mutation
 r - 5 potions of heal wounds
 x - 2 potions of ambrosia
 z - 3 potions of resistance
 A - 4 potions of curing
 C - a potion of cancellation
 E - 2 potions of haste
 F - 3 potions of flight
Comestibles
 J - a ration


   Skills:
 + Level 7.2 Fighting
 + Level 2.8(8.1) Short Blades
 + Level 11.7(11.9) Long Blades
 + Level 5.0 Armour
 + Level 7.3 Dodging
 + Level 5.8 Stealth
 + Level 4.8 Evocations


You had 10 spell levels left.
You didn't know any spells.
Your spell library contained the following spells:

 Spells                   Type           Power        Failure   Level  Hunger
 Apportation              Tloc           #.....       38%         1    ##.....
 Magic Dart               Conj           #...         38%         1    ##.....
 Shock                    Conj/Air       #...         38%         1    ##.....
 Sting                    Conj/Pois      #...         38%         1    ##.....
 Blink                    Tloc           N/A          52%         2    ###....
 Call Imp                 Summ           #.......     52%         2    ###....
 Slow                     Hex            #.......     52%         2    ###....
 Throw Flame              Conj/Fire      #.....       52%         2    ###....
 Conjure Flame            Conj/Fire      #.......     77%         3    ####...
 Mephitic Cloud           Conj/Pois/Air  #.......     77%         3    ####...
 Static Discharge         Conj/Air       #.......     77%         3    ####...
 Stone Arrow              Conj/Erth      #.....       77%         3    ####...
 Sticky Flame             Conj/Fire      #.......     99%         4    #####..


Dungeon Overview and Level Annotations

Branches:
Dungeon (12/15)            Temple (1/1) D:6             Orc (0/2) D:10
   Lair: D:8-11

Altars:
Ashenzari
Cheibriados
Dithmenos
Elyvilon
Fedhas
Gozag
Makhleb
Nemelex Xobeh
Okawaru
Qazlal
Ru
Sif Muna
Trog
Uskayaw
Vehumet
Wu Jian
Xom
Yredelemnul
Zin
The Shining One

Shops:
D:10 %

Annotations:
D:2 1 runed translucent door, exclusion: downstairs, Crazy Yiuf
D:4 1 runed translucent door, PeSeC's ghost, amateur MiFi
D:7 3 runed translucent doors, exclusions: downstairs and hungry ghost, Niraks's ghost, novice MiBe
D:8 exclusion: downstairs
D:11 exclusion: upstairs


Innate Abilities, Weirdness & Mutations

You have supernaturally acute eyesight. (SInv)
Your flesh is cold resistant. (rC+)
You are weak. (Str -2)


Message History

There is a stone staircase leading up, spattered with blood here.
You start resting.
You hear the faint crackling of a distant melting archway.
You start resting.
You hear the crackling of a distant melting archway.
You climb upwards.
You hear the roar of battle.
There is an entrance to a bailey on this level.
Hurry and find it before the portal closes forever!
The walls and floor vibrate strangely for a moment.
Level annotation: exclusion: upstairs The troll bites you!
The troll barely misses you. The troll claws you!
The orc warrior zaps a wand.
You easily resist.
There is a stone staircase leading down, spattered with blood here.
The orc warrior zaps a wand.
You easily resist.
The orc warrior zaps a wand.
You easily resist.
The orc warrior zaps a wand.
You are blasted!
* * * LOW HITPOINT WARNING * * *
There is an open door here.
The orc warrior zaps a wand.
You are blasted!
You die...

$ ##.## #... #.# #.# ###.#
#.# # #.#### #.... ##'##
#......# #.#.# ##...##
#.#.##.# #.#.. ##.>..o##
#.#.##.# #.### ##.......##
#...##.# #.<..
#.........####......########
+........T'@..............).
#.........###........#######
##.......## #...##...# #
##.....## #........# #####
##...## #.####.#.# #....
##'## #.# #..#.# #.### #.#
#.###.##.# .. #######.#
#........# #.# #.......##
#####.#### #.


You could see a troll and an orc warrior.

Vanquished Creatures
  2 hydras (D:11)
  2 two-headed ogres (D:9)
  Pikel (D:6)
  A deep elf mage (D:8)
  A cyclops (D:10)
  A dream sheep (D:8)
  Sigmund (D:3)
  A steam dragon (D:8)
  3 hungry ghosts
  A vampire mosquito (D:8)
  A water moccasin (D:7)
  3 orc warriors
  An ice beast (D:6)
  A black bear (D:9)
  A sky beast (D:5)
  2 ogres
  A phantom (D:5)
  5 centaurs
  4 big kobolds
  A wyvern zombie (D:8)
  9 bullfrogs
  7 scorpions
  17 killer bees
  3 troll zombies (D:10)
  9 wights
  A human zombie (Ossuary)
  A quasit (D:10)
  A jelly (D:11)
  2 bullfrog skeletons (D:6)
  A centaur skeleton (D:4)
  3 iguanas
  8 orc priests
  A centaur zombie (D:7)
  3 hounds
  6 orc wizards
  Jessica (D:2)
  Ijyb (D:3)
  Natasha (thrice) (D:3)
  5 worker ants
  A big kobold zombie (Ossuary)
  5 ogre zombies (D:10)
  2 hound zombies (Ossuary)
  A hound skeleton (D:5)
  4 mummies (Ossuary)
  2 worker ant zombies (D:8)
  Robin (D:3)
  14 adders
  4 gnolls (D:8)
  An ooze (D:2)
  2 adder zombies
  3 adder skeletons
  6 worms
  4 dart slugs
  8 leopard geckos
  56 orcs
  2 giant cockroaches
  3 gnoll zombies (Ossuary)
  19 goblins
  10 hobgoblins
  8 jackals
  24 kobolds
  4 quokkas
  A ball python skeleton (D:4)
  10 bats
  3 frilled lizards (D:4)
  6 goblin zombies
  A hobgoblin skeleton (D:10)
  5 hobgoblin zombies
  A jackal zombie (D:7)
  3 leopard gecko skeletons
  A leopard gecko zombie (D:6)
  2 orc skeletons (D:10)
  15 orc zombies
  6 rats
354 creatures vanquished.

Vanquished Creatures (collateral kills)
  An orc warrior (D:7)
  An orc priest (D:7)
2 creatures vanquished.

Vanquished Creatures (others)
  A hippogriff (D:11)
  A slave (D:6)
  9 fungi (D:11)
  2 plants
13 creatures vanquished.

Grand Total: 369 creatures vanquished

Notes
Turn   | Place    | Note
-------+----------+-------------------------------------------
     0 | D:1      | H0rd4k the Human Artificer began the quest for the Orb.
     0 | D:1      | Reached XP level 1. HP: 15/15 MP: 3/3
    62 | D:1      | Reached XP level 2. HP: 7/21 MP: 4/4
   381 | D:1      | Found a shimmering altar of Xom.
   507 | D:1      | Reached XP level 3. HP: 17/26 MP: 5/5
   572 | D:2      | Noticed Jessica
   574 | D:2      | Killed Jessica
   626 | D:2      | Reached XP level 4. HP: 5/32 MP: 6/6
  1221 | D:2      | Found a blossoming altar of Fedhas.
  1282 | D:2      | Found a faded altar of an unknown god.
  1466 | D:2      | Noticed a moth of wrath
  1469 | D:2      | Found a bloodstained altar of Trog.
  1536 | D:2      | Found a burning altar of Makhleb.
  1739 | D:2      | Reached skill level 1 in Armour
  1973 | D:2      | Found a runed translucent door.
  1974 | D:2      | Noticed Crazy Yiuf
  2908 | D:2      | Reached XP level 5. HP: 27/37 MP: 7/7
  3592 | D:3      | Noticed Ijyb
  3609 | D:3      | Killed Ijyb
  3639 | D:3      | Noticed Robin
  3668 | D:3      | Reached XP level 6. HP: 36/43 MP: 8/8
  3678 | D:3      | Reached skill level 1 in Long Blades
  3687 | D:3      | Killed Robin
  3768 | D:3      | Noticed Sigmund
  3784 | D:3      | Killed Sigmund
  3784 | D:3      | Reached skill level 2 in Long Blades
  3784 | D:3      | Reached XP level 7. HP: 41/50 MP: 8/10
  3970 | D:3      | Reached skill level 3 in Long Blades
  4105 | D:3      | Noticed Natasha
  4129 | D:3      | Killed Natasha
  4200 | D:3      | Noticed Natasha
  4215 | D:3      | Killed Natasha
  4284 | D:3      | Noticed Natasha
  4293 | D:3      | Killed Natasha
  4407 | D:4      | Found a runed translucent door.
  4412 | D:4      | Noticed PeSeC's ghost (amateur MiFi)
  4440 | D:4      | Reached skill level 4 in Long Blades
  5018 | D:4      | Reached XP level 8. HP: 57/57 MP: 11/11
  5308 | D:5      | Entered Level 5 of the Dungeon
  5456 | D:5      | Reached skill level 5 in Long Blades
  5531 | D:5      | Found a sand-covered staircase.
  5538 | Ossuary  | Entered an ossuary
  6561 | D:5      | Found a shimmering altar of Xom.
  6876 | D:6      | Found Subeh's Food Shop.
  6888 | D:6      | Found a staircase to the Ecumenical Temple.
  6892 | D:6      | Noticed Pikel
  6897 | Temple   | Entered the Ecumenical Temple
  6995 | Temple   | Became a worshipper of Gozag Ym Sagoz the Greedy
  7045 | D:6      | Reached skill level 6 in Long Blades
  7066 | D:6      | Killed Pikel
  7066 | D:6      | Reached XP level 9. HP: 14/65 MP: 12/12
  7349 | D:6      | Reached skill level 7 in Long Blades
  7865 | D:7      | Found a glowing golden altar of the Shining One.
  7866 | D:7      | Found an iron altar of Okawaru.
  7930 | D:7      | Reached skill level 5 in Dodging
  8178 | D:7      | Found a white marble altar of Elyvilon.
  8365 | D:7      | Found a runed translucent gate.
  8366 | D:7      | Found a runed translucent gate.
  8368 | D:7      | Found a runed translucent gate.
  8441 | D:7      | Noticed Niraks's ghost (novice MiBe)
  8958 | D:8      | Reached skill level 8 in Long Blades
  9038 | D:8      | Reached XP level 10. HP: 52/73 MP: 13/13
  9269 | D:8      | Identified the Reference Book on the Destructive Compass
  9398 | D:8      | Noticed a deep elf mage
  9643 | D:7      | Reached skill level 5 in Fighting
  9643 | D:7      | Reached skill level 9 in Long Blades
 10186 | D:8      | Noticed a two-headed hydra
 10505 | D:8      | Noticed a catoblepas
 10632 | D:8      | Killed a deep elf mage
 10632 | D:8      | Reached skill level 5 in Stealth
 11188 | D:9      | Reached skill level 10 in Long Blades
 11384 | D:9      | Noticed a two-headed ogre
 11389 | D:9      | Killed a two-headed ogre
 11389 | D:9      | Reached XP level 11. HP: 81/81 MP: 14/14
 11679 | D:10     | Entered Level 10 of the Dungeon
 11729 | D:10     | Found a staircase to the Orcish Mines.
 11741 | D:10     | Gained mutation: You are weak. (Str -2) [potion of
                  | mutation]
 11741 | D:10     | Gained mutation: You have supernaturally acute eyesight.
                  | (SInv) [potion of mutation]
 11741 | D:10     | Gained mutation: Your flesh is cold resistant. (rC+)
                  | [potion of mutation]
 11909 | D:10     | Noticed a two-headed ogre
 12147 | D:9      | Killed a two-headed ogre
 12147 | D:9      | Reached skill level 11 in Long Blades
 12390 | D:10     | Found Idwuklan's Food Shoppe.
 12846 | D:10     | Noticed a cyclops
 12862 | D:10     | Killed a cyclops
 13655 | D:11     | Noticed a six-headed hydra
 13655 | D:11     | Noticed a skeletal warrior
 13656 | D:11     | Found a flagged portal.
 13656 | D:11     | Noticed a skeletal warrior
 13657 | D:11     | Noticed a skeletal warrior
 13679 | D:11     | Killed a seven-headed hydra
 13969 | D:11     | Noticed a seven-headed hydra
 13998 | D:11     | Killed a seven-headed hydra
 13998 | D:11     | Reached skill level 5 in Armour
 14285 | D:11     | Blown up by an orc warrior

Skill      XL: |  1  2  3  4  5  6  7  8  9 10 11 |
---------------+----------------------------------+-----
Short Blades   | 2 |  2.8
Armour         | 1 2 3 4 5 |  5.0
Long Blades    | 2 4 6 8 10 11 | 11.7
Fighting       | 2 3 4 6 7 |  7.2
Dodging        | 3 4 5 6 7 |  7.3
Evocations     | 4 |  4.8
Stealth        | 2 3 4 5 |  5.8

Action                   |  1- 3 |  4- 6 |  7- 9 | 10-12 || total
-------------------------+-------+-------+-------+-------++-------
Melee: Short sword       |    55 |   148 |       |       ||   203
       Falchion          |       |    77 |   614 |   709 ||  1400
Evoke: Wand              |     5 |     9 |     8 |    18 ||    40
  Use: Scroll            |       |       |    10 |     4 ||    14
       Potion            |       |       |     2 |    10 ||    12
 Stab: Sleeping          |     2 |       |    12 |     9 ||    23
       Distracted        |       |     1 |     4 |     3 ||     8
       Invisible         |       |       |       |     6 ||     6
  Eat: Chunk             |       |     9 |    10 |       ||    19
       Ration            |       |       |     2 |     9 ||    11
Armor: Leather armour    |    12 |    52 |   209 |   188 ||   461
       Skin              |       |       |       |     7 ||     7
Dodge: Dodged            |    31 |   136 |   404 |   458 ||  1029
       Rpst.: Falchion   |       |    20 |   131 |   133 ||   284
